 Dungeon Crawl Stone Soup version 0.28-a0-1555-g9ae15a6949 (webtiles) character file.

Game seed: 5439240872999122178

6024 lunkers the Covert (level 10, -10/77 HPs)
             Began as a Vampire Enchanter on Jan 18, 2022.
             Was a Believer of Ashenzari.
             Mangled by an orc knight (17 damage)
             ... in a bailey.
             The game lasted 00:19:23 (9213 turns).

lunkers the Covert (Vampire Enchanter)              Turns: 9213, Time: 00:19:23

Health: -10/77     AC:  9    Str:  7    XL:     10   Next: 56%
Magic:  0/13       EV: 17    Int: 22    God:    Ashenzari [**....]
Gold:   467        SH:  0    Dex: 15    Spells: 2/13 levels left

rFire   . . .      SeeInvis +   b - +8 falchion "Bound Polytheism" {freeze, rElec rC+, Melee, Comp} (curse)
rCold   + . .      Faith    .   (no shield)
rNeg    . . .      Spirit   +   d - +0 robe "Esoteric Gloom" {Bglg, Alch} (curse)
rPois   .          Reflect  .   e - +1 helmet of Ashenzari's Soothsayer {Range, Evo} (curse)
rElec   +          Harm     .   r - +0 cloak {rCorr}
rCorr   +          Rampage  .   (no gloves)
Will    +....                   (no boots)
Stlth   ++++++....              t - amulet of guardian spirit
HPRegen 0.42/turn               A - ring of Panopticon {AC+4, Cun, Fort} (curse)
MPRegen 0.13/turn               (no ring)

@: healing quickly, invisible
A: alive, fangs 3, see invisible, vampiric 2
a: Exsanguinate, Renounce Religion, Curse Item, Shatter the Chains


You were in a bailey.
You worshipped Ashenzari.
Ashenzari was pleased with you.
You visited 2 branches of the dungeon, and saw 10 of its levels.
You also visited: Ossuary and Bailey.

You collected 467 gold pieces.

Inventory:

Hand Weapons
 a - a +1 dagger
 b - the cursed +8 falchion "Bound Polytheism" (weapon) {freeze, rElec rC+, Melee, Comp}
   (You found it on level 2 of the Dungeon)

   It freezes those it strikes, dealing additional cold damage.
   It can also slow down cold-blooded creatures.
   rC:        It protects you from cold.
   rElec:     It insulates you from electricity.
   It has a curse which improves the following skills: Melee Combat: Short
   Blades, Long Blades, Axes, Maces & Flails, Polearms, Staves and Unarmed
   Combat.
   Companions: Summonings and Necromancy.
 i - a +3 antimagic short sword
 u - the +4 dagger of True Grit {vorpal, *Rage Will+++ rCorr SInv}
   (You found it on level 5 of the Dungeon)

   It inflicts extra damage upon your enemies.
   SInv:      It lets you see invisible.
   *Rage:     It berserks you when you make melee attacks (+20% chance).
   rCorr:     It protects you from acid and corrosion.
   Will:      It greatly increases your willpower.
Missiles
 F - 5 curare-tipped darts
Armour
 d - the cursed +0 robe "Esoteric Gloom" (worn) {Bglg, Alch}

   It has a curse which improves the following skills: Beguiling: Conjurations,
   Hexes and Translocations.
   Alchemy:   Poison Magic and Transmutations.
 e - the cursed +1 helmet of Ashenzari's Soothsayer (worn) {Range, Evo}
   (You took it off Robin on level 1 of the Dungeon)

   It has a curse which improves the following skills: Ranged Combat: Slings,
   Bows, Crossbows and Throwing.
   Evocations: Evocations.
 r - a +0 cloak of preservation (worn)
Jewellery
 t - an amulet of guardian spirit (around neck)
 A - the cursed ring of Panopticon (left hand) {AC+4, Cun, Fort}
   (You found it on level 6 of the Dungeon)

   [ring of protection]

   AC:        It affects your AC (+4).
   It has a curse which improves the following skills: Cunning: Dodging and
   Stealth.
   Fortitude: Armour and Shields.
Wands
 k - a wand of polymorph (12)
 B - a wand of digging (9)
 C - a wand of flame (8)
Scrolls
 h - a scroll of fear
 m - 3 scrolls of enchant armour
 n - 3 scrolls of teleportation
 v - 3 scrolls of torment
 w - 5 scrolls of magic mapping
 x - a scroll of silence
 y - a scroll of fog
 D - 2 scrolls of amnesia
 E - a scroll of enchant weapon
Potions
 f - 6 potions of curing
 g - 3 potions of ambrosia
 j - a potion of haste
 l - 3 potions of heal wounds
 o - 3 potions of flight
 p - a potion of resistance
 q - 2 potions of cancellation
 s - 5 potions of mutation
 z - 2 potions of lignification


   Skills:
 + Level 6.8 Fighting
 - Level 3.7(6.7) Short Blades
 - Level 6.3(8.0) Long Blades
 + Level 8.6(9.9) Dodging
 - Level 12.6(13.8) Stealth
 - Level 2.0 Spellcasting
 - Level 8.9(10.1) Hexes


You had 2 spell levels left.
You knew the following spells:

 Your Spells              Type           Power      Damage    Failure   Level
b - Ensorcelled Hibernat  Hex/Ice        48%        N/A       2%          2
c - Confusing Touch       Hex            46%        N/A       1%          3
d - Tukima's Dance        Hex            46%        N/A       1%          3
e - Summon Guardian Gole  Hex/Summ       24%        N/A       4%          3

Your spell library contained the following spells:

 Spells                   Type           Power      Damage    Failure   Level
 Slow                     Hex            100%       N/A       1%          1
 Static Discharge         Conj/Air       2%         N/A       21%         2
 Cause Fear               Hex            23%        N/A       1%          4
 Dazzling Flash           Conj/Hex       48%        N/A       4%          3
 Inner Flame              Hex/Fire       24%        N/A       4%          3
 Vampiric Draining        Necr           2%         2d6       36%         3
 Lightning Bolt           Conj/Air       1%         1d12      98%         5
 Orb of Destruction       Conj           1%         9d5       100%        7
 Spellforged Servitor     Conj/Summ      1%         N/A       100%        7
 Discord                  Hex            23%        N/A       100%        8
 Maxwell's Capacitive Co  Air            1%         ∞         100%        8


Dungeon Overview and Level Annotations

Branches:
Dungeon (9/15)             Temple (1/1) D:4         Ossuary (visited)
 Bailey (1/1)
   Lair: D:8-11         Orc: D:9-12

Altars:
Ashenzari
Cheibriados
Dithmenos
Elyvilon
Fedhas
Gozag
Hepliaklqana
Okawaru
Qazlal
Ru
Sif Muna
Trog
Uskayaw
Vehumet
Wu Jian
Yredelemnul
Zin
The Shining One

Annotations:
D:3 1 runed translucent door


Innate Abilities, Weirdness & Mutations

Your natural rate of healing is accelerated.
You have razor-sharp teeth.
You have supernaturally acute eyesight. (SInv)
You are afflicted with vampirism and can become a bat while bloodless.


Message History

* * * LOW HITPOINT WARNING * * *
Things that are here:
a boomerang; a kobold skeleton
There is an open gate here.
Things that are here:
2 boomerangs; a kobold skeleton
Aiming: Throw Flame
Press: ? - help, Shift-Dir - straight line, p - orc knight The puff of flame hits the orc knight.
The orc knight is moderately wounded.
The orc knight hits you but does no damage.
Unknown command.
You hit the orc knight. You freeze the orc knight.
The orc knight is moderately wounded.
You fade into invisibility!
The orc knight hits you.
* * * LOW MAGIC WARNING * * *
* * * LOW HITPOINT WARNING * * *
You hit the orc knight but do no damage.
The orc knight is moderately wounded.
The orc knight barely misses you.
Unknown command.
You catch the helpless orc knight completely off-guard!
You hit the orc knight but do no damage.
The orc knight is moderately wounded.
The orc knight hits you!
* * * LOW HITPOINT WARNING * * *
Unknown command.
You hit the orc knight but do no damage.
You bite the orc knight, but do no damage.
The orc knight is moderately wounded.
The orc knight hits you!
* * * LOW HITPOINT WARNING * * *
There is a gate leading back out of this place here.
There is an empty arch of ancient stone here.
As you read the scroll of fear, it crumbles to dust.
You assume a fearsome visage.
The orc knight easily resists.
The orc knight hits you!!
* * * LOW MAGIC WARNING * * *
You die...

#######
##.....##
#...@...#
#...o...#
##..9..##
##'('## #((.#
#(..# #...#
####...####
##≈..)((..≈##


You could see an orc knight (ally target) and a friendly guardian golem
(summoned).

Vanquished Creatures
  Pikel (D:4)
  Psyche (D:8)
  Grinder (D:3)
  Prince Ribbit (D:8)
  Sigmund (D:2)
  A wyvern (D:6)
  6 yaks
  Eustachio (D:6)
  3 water moccasins (D:6)
  3 ice beasts
  An orc warrior (D:8)
  A necrophage (D:4)
  2 black bears
  3 ogres
  A phantom (D:6)
  3 kobold brigands (Bailey)
  Blork the orc (D:6)
  A wyvern zombie (D:8)
  2 bullfrogs (D:7)
  3 scorpions
  A water moccasin skeleton (D:4)
  A water moccasin zombie (D:5)
  A wyvern skeleton (D:7)
  5 wights (D:8)
  2 centaur zombies
  Crazy Yiuf (D:4)
  5 orc priests
  2 jellies
  A bullfrog skeleton (D:6)
  5 iguanas (D:6)
  Natasha (twice) (D:4)
  Terence (D:2)
  3 orc wizards
  2 killer bee zombies
  2 hound skeletons (D:4)
  13 mummies (Ossuary)
  Robin (D:1)
  3 gnolls (D:2)
  8 adders
  A shadow imp (D:6)
  An adder skeleton (D:3)
  3 worms
  3 dart slugs
  23 orcs
  6 endoplasms
  7 giant cockroaches
  12 hobgoblins
  2 jackals (D:4)
  14 kobolds
  2 quokkas
  10 ball pythons
  8 bats
  3 frilled lizards
  2 gnoll skeletons (Ossuary)
  19 goblins
  A goblin skeleton (Ossuary)
  2 kobold skeletons (Ossuary)
  3 orc skeletons (Ossuary)
  5 rats
  11 rat skeletons (Ossuary)
234 creatures vanquished.

Vanquished Creatures (collateral kills)
  2 ogres
2 creatures vanquished.

Vanquished Creatures (others)
  2 dancing weapons
  A centaur (D:6)
3 creatures vanquished.

Grand Total: 239 creatures vanquished

Notes
Turn   | Place    | Note
-------+----------+-------------------------------------------
     0 | D:1      | lunkers the Vampire Enchanter began the quest for the Orb.
     0 | D:1      | Reached XP level 1. HP: 13/13 MP: 3/3
   316 | D:1      | Reached XP level 2. HP: 19/19 MP: 1/5
   319 | D:1      | Learned a level 2 spell: Ensorcelled Hibernation
   546 | D:1      | Reached skill level 5 in Stealth
   699 | D:1      | Reached skill level 5 in Hexes
   814 | D:2      | Noticed a great orb of eyes
   814 | D:2      | Found a faded altar of an unknown god.
   820 | D:2      | Noticed a golden eye
   824 | D:2      | Noticed a shining eye
   824 | D:2      | Noticed a shining eye
   905 | D:2      | Gained mutation: You are afflicted with vampirism and can
                  | become a bat while bloodless. [Vampire growth]
   905 | D:2      | Reached XP level 3. HP: 20/24 MP: 1/6
   978 | D:2      | Noticed Robin
  1044 | D:1      | Killed Robin
  1220 | D:2      | Reached XP level 4. HP: 23/30 MP: 3/7
  1472 | D:2      | Noticed Sigmund
  1490 | D:2      | Killed Sigmund
  1491 | D:2      | Reached skill level 6 in Stealth
  1491 | D:2      | Reached XP level 5. HP: 23/35 MP: 6/8
  1581 | D:2      | Learned a level 3 spell: Confusing Touch
  1585 | D:2      | Learned a level 3 spell: Tukima's Dance
  1600 | D:2      | Reached skill level 7 in Stealth
  1788 | D:2      | Reached XP level 6. HP: 37/41 MP: 6/9
  1789 | D:2      | Identified the +8 falchion of Tortfeasance {freeze, rElec
                  | rC+}
  2145 | D:2      | Noticed Terence
  2160 | D:2      | Killed Terence
  2331 | D:3      | Reached skill level 1 in Long Blades
  2858 | D:3      | Found a runed translucent door.
  2859 | D:3      | Noticed a human
  2864 | D:3      | Found a basalt altar of Yredelemnul.
  2899 | D:3      | Found a glowing drain.
  3007 | D:3      | Noticed Grinder
  3019 | D:3      | Killed Grinder
  3020 | D:3      | Reached skill level 8 in Stealth
  3020 | D:3      | Reached XP level 7. HP: 19/46 MP: 7/10
  3364 | D:4      | Found a runed translucent door.
  3365 | D:4      | Noticed Crazy Yiuf
  3402 | D:4      | Found a staircase to the Ecumenical Temple.
  3407 | Temple   | Entered the Ecumenical Temple
  3606 | Temple   | Became a worshipper of Ashenzari the Shackled
  3802 | D:4      | Noticed Natasha
  3804 | D:4      | Noticed Pikel
  3808 | D:4      | Killed Natasha
  3854 | D:4      | Killed Pikel
  3855 | D:4      | Reached skill level 9 in Stealth
  3855 | D:4      | Reached XP level 8. HP: 19/52 MP: 3/11
  4075 | D:4      | Reached skill level 5 in Long Blades
  4531 | D:4      | Reached skill level 1 in Fighting
  4703 | D:4      | Noticed Natasha
  4707 | D:4      | Killed Natasha
  4744 | D:4      | Killed Crazy Yiuf
  4876 | D:5      | Entered Level 5 of the Dungeon
  4885 | D:5      | Reached skill level 10 in Stealth
  4992 | D:5      | Learned a level 3 spell: Summon Guardian Golem
  5062 | D:5      | Identified the +4 dagger of True Grit {vorpal, *Rage
                  | Will+++ rCorr SInv}
  5575 | D:6      | Reached * piety under Ashenzari
  5664 | D:6      | Reached XP level 9. HP: 31/62 MP: 12/12
  5722 | D:6      | Noticed Blork the orc
  5729 | D:6      | Reached skill level 11 in Stealth
  5734 | D:6      | Killed Blork the orc
  5768 | D:6      | Found a sand-covered staircase.
  5779 | Ossuary  | Entered an ossuary
  6018 | Ossuary  | Reached skill level 5 in Dodging
  6482 | D:6      | Reached skill level 12 in Stealth
  6674 | D:6      | Noticed Eustachio
  6684 | D:6      | Killed Eustachio
  6730 | D:6      | Found a stormy altar of Qazlal.
  6914 | D:6      | Reached ** piety under Ashenzari
  7050 | D:6      | Reached skill level 5 in Fighting
  7242 | D:7      | Reached XP level 10. HP: 74/74 MP: 13/13
  8239 | D:8      | Noticed Psyche
  8247 | D:8      | Killed Psyche
  8656 | D:8      | Noticed Prince Ribbit
  8668 | D:8      | Killed Prince Ribbit
  8939 | D:9      | Found a flagged portal.
  8961 | Bailey   | Entered a bailey
  9117 | Bailey   | Noticed an orc knight
  9213 | Bailey   | Mangled by an orc knight

Illustrated notes

Levels and vault maps discovered:
D:1:      nzn_arrival_settlement, layout_loops_ring, kennysheep_flooded_box
D:2:      layout_basic, hellmonk_ecumenical_altar_watching_god,
          dk_noncrumbling_2, uniq_terence, uniq_robin, uniq_sigmund
D:3:      layout_loops_cross, dk_yredelemnul_ordeal, gup_sewer_entry_pipe,
          kennysheep_generic_room_4, uniq_grinder
D:4:      layout_loops_corners, temple_doors_cd, grunt_ministairs_7,
          uniq_natasha, uniq_crazy_yiuf_cottage, uniq_pikel
D:5:      layout_basic
D:6:      layout_basic, mainiacjoe_overflow_small_starburst, enter_ossuary_2,
          minmay_alternating_orb, uniq_eustachio, uniq_blork_the_orc
D:7:      layout_loops_ring, grunt_decor_mini_mirrors,
          small_statue_intersection, nicolae_figureground_pulse
D:8:      layout_basic, uniq_prince_ribbit1, uniq_psyche
D:9:      layout_layer_cave, chequers_temple_overflow_minitemple,
          enter_bailey_4, grunt_decor_junction, chequers_serial_rivers_micro_d,
          minmay_quadrilaterals
Temple:   eino_temple_rhombus
Bailey:   bailey_axe_3, bailey

Skill      XL: |  1  2  3  4  5  6  7  8  9 10 |
---------------+-------------------------------+-----
Stealth        | 5 6 7 8 9 10 12 | 12.6
Hexes          | 5 6 7 8 |  8.9
Short Blades   | 2 3 |  3.7
Long Blades    | 2 4 5 6 |  6.3
Fighting       | 2 5 6 |  6.8
Dodging        | 4 6 8 |  8.6
Spellcasting   | |  2.0

Action                   |  1- 3 |  4- 6 |  7- 9 | 10-12 || total
-------------------------+-------+-------+-------+-------++-------
Melee: Short sword       |    56 |       |       |       ||    56
       Bite              |     6 |    11 |    47 |    20 ||    84
       Dagger            |    51 |    38 |    34 |       ||   123
       Falchion          |       |    94 |   249 |   188 ||   531
       Punch             |       |       |     3 |       ||     3
 Cast: Ensorcelled Hiber |     8 |     9 |     3 |       ||    20
       Confusing Touch   |       |     2 |     4 |       ||     6
       Tukima's Dance    |       |       |     8 |    11 ||    19
       Summon Guardian G |       |       |     9 |     4 ||    13
Invok: Curse Item        |       |       |     3 |     1 ||     4
Evoke: Wand              |       |       |       |     5 ||     5
  Use: Scroll            |     3 |     1 |     2 |     1 ||     7
       Potion            |       |       |       |     1 ||     1
 Stab: Sleeping          |    14 |    18 |    26 |     6 ||    64
       Confused          |       |     2 |     3 |       ||     5
       Invisible         |       |       |       |     1 ||     1
Armor: Robe              |    13 |    17 |    45 |    54 ||   129
Dodge: Dodged            |    59 |    78 |   166 |   160 ||   463

Table legend: (Time is in decaauts)
 A = Elapsed time spent in this place.
 B = Non-inter-level travel time spent in this place.
 C = Inter-level travel time spent in this place.
 D = Time resting spent in this place.
 E = Time spent auto-exploring this place.
 F = Levels seen in this place.
 G = Mean time per level.
                   A        B        C        D        E       F      G
               +--------+--------+--------+--------+--------+-----+--------+
         Total |   9230 |   8948 |    282 |    736 |   6096 |  12 |  769.2 |
       Dungeon |   8458 |   8200 |    258 |    736 |   5631 |   9 |  939.8 |
        Temple |    209 |    186 |     23 |      0 |    173 |   1 |  209.0 |
       Ossuary |    309 |    309 |      0 |      0 |    167 |   1 |  309.0 |
        Bailey |    252 |    252 |      0 |      0 |    124 |   1 |  252.0 |
               +--------+--------+--------+--------+--------+-----+--------+

Top non-repeatable levels by time:
     D:4: 1410 daAuts
     D:2: 1361 daAuts
     D:6: 1289 daAuts
     D:1: 1039 daAuts
     D:8: 888 daAuts
     D:3: 876 daAuts
     D:7: 818 daAuts
     D:5: 722 daAuts
 Ossuary: 309 daAuts
  Bailey: 252 daAuts
  Temple: 209 daAuts
     D:9: 52 daAuts
